 Dungeon Crawl Stone Soup version 0.28-a0-1412-gf95308ed99 (webtiles) character file.

Game seed: 1780080736384497700

8 Hasart the Skirmisher (level 2, -1/32 HPs)
             Began as an Ogre Cinder Acolyte on Jan 6, 2022.
             Was an Elder of Ignis.
             Slain by Sigmund (9 damage)
             ... on level 2 of the Dungeon.
             The game lasted 00:02:29 (83 turns).

Hasart the Skirmisher (Ogre Cinder Acolyte)           Turns: 83, Time: 00:02:30

Health: -1/32      AC: 10    Str: 17    XL:     2   Next: 8%
Magic:  3/3        EV:  9    Int: 15    God:    Ignis [****..]
Gold:   7          SH:  0    Dex:  4    Spells: 3/3 levels left

rFire   + . .      SeeInvis .   a - -1 hand axe (flame)
rCold   . . .      Faith    .   (no shield)
rNeg    . . .      Spirit   .   b - +0 robe
rPois   .          Reflect  .   (helmet restricted)
rElec   .          Harm     .   (no cloak)
rCorr   .          Rampage  .   (gloves unavailable)
Will    .....                   (boots unavailable)
Stlth   +.........              (no amulet)
HPRegen 0.10/turn               (no ring)
MPRegen 0.08/turn               (no ring)

@: fiery-armoured
A: large, unfitting armour, tough skin 1
a: Renounce Religion, Fiery Armour, Foxfire Swarm, Rising Flame


You were on level 2 of the Dungeon.
You worshipped Ignis.
Ignis was greatly pleased with you.
You visited 1 branch of the dungeon, and saw 2 of its levels.

You collected 7 gold pieces.

Inventory:

Hand Weapons
 a - a -1 hand axe of flaming (weapon)
Armour
 b - a +0 robe (worn)


   Skills:
 + Level 4.1 Fighting
 + Level 3.1 Axes
 + Level 1.2 Spellcasting
 + Level 3.0 Fire Magic


You had 3 spell levels left.
You didn't know any spells.
Your spell library contained the following spells:

 Spells                   Type           Power      Damage    Failure   Level
 Scorch                   Fire           18%        2d5       11%         2


Dungeon Overview and Level Annotations

Branches:
Dungeon (2/15)

Altars:

Annotations:
D:2 Sigmund


Innate Abilities, Weirdness & Mutations

You are too large for most types of armour.
You have tough skin. (AC +1)


Message History

You are frozen.
The endoplasm hits you but does no damage.
The endoplasm is burned by your cloak of flames.
You kill the endoplasm!
The hobgoblin hits you but does no damage.
The hobgoblin is burned by your cloak of flames.
The hobgoblin is almost dead.
Your Fire Magic skill increases to level 3!
You have reached level 2!
The hobgoblin hits you.
The hobgoblin is burned by your cloak of flames.
You kill the hobgoblin!
You see here a +0 club.
A hobgoblin and Sigmund come into view.
Sigmund shouts!
The hobgoblin shouts!
Sigmund gestures at you while chanting.
The magic dart hits you but does no damage.
Sigmund casts a spell at you.
The puff of flame hits you but does no damage.
Sigmund hits you from afar with a +0 scythe.
Sigmund hits you with a +0 scythe.
Sigmund is burned by your cloak of flames.
Sigmund is lightly wounded.
Sigmund points at you and mumbles some strange words.
The magic dart hits you but does no damage.
Sigmund hits you with a +0 scythe!
Sigmund is burned by your cloak of flames.
Sigmund is moderately wounded.
Sigmund hits you with a +0 scythe.
Sigmund is burned by your cloak of flames.
Sigmund is moderately wounded.
Sigmund hits you with a +0 scythe.
* * * LOW HITPOINT WARNING * * *
Sigmund is burned by your cloak of flames.
Sigmund is heavily wounded.
Sigmund barely misses you. Sigmund gestures at you while chanting.
You resist with significant effort. Sigmund hits you with a +0 scythe!
You die...

##<......##
##.....##
##...##
##.## #.#
#)# #.#
...######.#
.....g@@..#
##.########


You could see Sigmund and a hobgoblin.

Vanquished Creatures
  A dart slug (D:1)
  A bat (D:2)
  2 endoplasms
  A hobgoblin (D:2)
5 creatures vanquished.

Vanquished Creatures (others)
  14 foxfires (D:1)
14 creatures vanquished.

Grand Total: 19 creatures vanquished

Notes
Turn   | Place    | Note
-------+----------+-------------------------------------------
     0 | D:1      | Hasart the Ogre Cinder Acolyte began the quest for the Orb.
     0 | D:1      | Reached XP level 1. HP: 24/24 MP: 2/2
     0 | D:1      | Noticed a vine stalker
     1 | D:1      | Noticed a gargoyle
     1 | D:1      | Noticed a tengu
     3 | D:1      | Noticed a minotaur
     6 | D:1      | Noticed an elf
     7 | D:1      | Noticed a gargoyle
     8 | D:1      | Noticed a vine stalker
     9 | D:1      | Noticed a naga
    11 | D:1      | Noticed a vampire
    11 | D:1      | Noticed a demonspawn
    14 | D:1      | Noticed an octopode
    14 | D:1      | Noticed a gargoyle
    16 | D:1      | Noticed a tengu
    16 | D:1      | Noticed a naga
    16 | D:1      | Noticed a human
    18 | D:1      | Noticed a ghoul
    18 | D:1      | Noticed a tengu
    20 | D:1      | Noticed a vine stalker
    22 | D:1      | Noticed a merfolk
    59 | D:2      | Reached XP level 2. HP: 30/32 MP: 3/3
    70 | D:2      | Noticed Sigmund
    83 | D:2      | Slain by Sigmund

Illustrated notes

Levels and vault maps discovered:
D:1:      shiori_arrival_whats_in_store_for_you, layout_basic, serial_shops,
          nicolae_diamond_shop
D:2:      layout_loops_corners, basic_altar, uniq_sigmund

Skill      XL: |  1 |
---------------+----+-----
Fire Magic     | 3 |  3.0
Fighting       | |  4.1
Axes           | |  3.1
Spellcasting   | |  1.2

Action                   || total
-------------------------++-------
Melee: Hand axe          ||     1
Invok: Foxfire Swarm     ||     2
       Fiery Armour      ||     1
Armor: Robe              ||     7
Dodge: Dodged            ||     2

Table legend: (Time is in decaauts)
 A = Elapsed time spent in this place.
 B = Non-inter-level travel time spent in this place.
 C = Inter-level travel time spent in this place.
 D = Time resting spent in this place.
 E = Time spent auto-exploring this place.
 F = Levels seen in this place.
 G = Mean time per level.
                   A        B        C        D        E       F      G
               +--------+--------+--------+--------+--------+-----+--------+
         Total |     82 |     82 |      0 |      0 |      0 |   2 |   41.0 |
       Dungeon |     82 |     82 |      0 |      0 |      0 |   2 |   41.0 |
               +--------+--------+--------+--------+--------+-----+--------+

Top non-repeatable levels by time:
     D:1: 54 daAuts
     D:2: 28 daAuts
